 Dungeon Crawl Stone Soup version 0.31.0-12-g77e489cdc1 (webtiles) character file.

Game seed: 1988285548726746204

4807 Gadfly the Ruffian (level 10, -2/115 HPs)
             Began as a Demonspawn Monk on Mar 3, 2024.
             Was a Follower of Ru.
             Slain by a wolf (7 damage)
             ... led by Grum
             ... on level 7 of the Dungeon.
             The game lasted 00:11:12 (6904 turns).

Gadfly the Ruffian (Demonspawn Monk)                Turns: 6904, Time: 00:11:13

Health: -2/115     AC: 25    Str: 16    XL:     10   Next: 24%
Magic:  10/10      EV:  2    Int: 11    God:    Ru [*.....]
Gold:   333        SH:  0    Dex: 15    Spells: 9/9 levels left

rFire   . .          .
                       - Unarmed
rCold   . . .        (no shield)
rNeg    . . .        G - melded +2 robe {Will+}
rPois   +            k - melded +0 helmet
rElec   .            z - melded +1 cloak
rCorr   .            A - melded +0 pair of gloves
SInv    .            i - melded +0 pair of boots
Will    +....        h - amulet of regeneration
Stlth   +            x - ring of willpower
HPRegen 1.19/turn    (no ring)
MPRegen 0.12/turn

%: no passive effects
@: tree-form, studying Dodging
A: stationary, stasis, torment immunity, boosted hp, inability to train armour,
(sharp scales 3), demonic magic 1, (demonic touch 2)
a: Renounce Religion


You were on level 7 of the Dungeon.
You worshipped Ru.
Ru was aware of your devotion.
You were a tree.
You visited 2 branches of the dungeon, and saw 9 of its levels.
You also visited: Bailey.

You collected 454 gold pieces.
You spent 121 gold pieces at shops.

Inventory:

Hand Weapons
 b - a +2 dagger of chaos
 j - a +4 short sword of flaming
Armour
 c - an orb of light
 i - a +0 pair of boots (melded)
 k - a +0 helmet (melded)
 z - a +1 cloak (melded)
 A - a +0 pair of gloves (melded)
 G - a +2 robe of willpower (melded)
Jewellery
 h - an amulet of regeneration (around neck)
 n - a ring of fire
 x - a ring of willpower (left branch)
 H - an amulet of the acrobat
Talismans
 m - a serpent talisman
 p - a beast talisman (active)
Wands
 r - a wand of flame (22)
 v - a wand of polymorph (6)
 y - a wand of mindburst (5)
 B - a wand of iceblast (6)
 C - a wand of charming (6)
Scrolls
 a - a scroll of fog
 f - 2 scrolls of enchant armour
 t - a scroll of brand weapon
 D - a scroll of teleportation
 F - 2 scrolls of fear
Potions
 d - a potion of lignification
 e - a potion of ambrosia
 g - 2 potions of curing
 l - a potion of heal wounds
 o - a potion of degeneration {unknown}
 q - a potion of berserk rage
 s - a potion of resistance {unknown}
 u - 2 potions of attraction
 w - a potion of haste


   Skills:
 * Level 6.5 Fighting
 + Level 6.5 Dodging
 * Level 7.7 Unarmed Combat
 + Level 6.3 Evocations
 * Level 6.3 Shapeshifting


You had 9 spell levels left.
You didn't know any spells.
Your spell library contained the following spells:

 Spells                   Type           Power      Damage    Failure   Level
 Call Canine Familiar     Summ           0%         N/A       71%         3
 Sigil of Binding         Hex            0%         N/A       71%         3
 Dimensional Bullseye     Hex/Tloc       0%         N/A       98%         4
 Vhi's Electric Charge    Tloc/Air       0%         N/A       98%         4
 Arcjolt                  Conj/Air       0%         1d10      100%        5
 Maxwell's Capacitive Co  Air            0%         ∞         100%        8


Dungeon Overview and Level Annotations

Branches:
Dungeon (8/15)             Temple (1/1) D:7          Bailey (visited)
   Lair: D:8-11

Altars:
Ashenzari
Cheibriados
Dithmenos
Fedhas
Gozag
Hepliaklqana
Kikubaaqudgha
Makhleb
Nemelex Xobeh
Ru
Sif Muna
Uskayaw
Vehumet
Wu Jian
Xom
Yredelemnul

Shops:
D:4 *   D:5 :

Annotations:
D:3 2 transporters, KennySheep's ghost, amateur HOMo
D:8 Grum


Innate Abilities, Weirdness & Mutations

You are a tree.
Your roots penetrate the ground, keeping you stationary.
You cannot be teleported.
You are immune to unholy pain and torment.
Your maximum health is greatly increased.
Your equipment is partially melded.
You cannot train Armour skill.
((You are completely covered in razor-sharp scales. (AC +3, Slay +3)))
Spells you cast may paralyse adjacent enemies.
((Your touch may inflict irresistible damage on your foes.))


Message History

Your +1 cloak unmelds from your body.
Your +0 helmet unmelds from your body.
Your +0 pair of gloves unmelds from your body.
Your +0 pair of boots unmelds from your body.
You turn into a tree.
Your +1 cloak melds into your body.
Your +0 helmet melds into your body.
Your +0 pair of gloves melds into your body.
Your +0 pair of boots melds into your body.
Your +2 robe of willpower melds into your body.
You feel less strong-willed.
Your roots penetrate the ground.
The wolf bites you.
* * * LOW HITPOINT WARNING * * *
The wyvern barely misses you. The wolf bites you.
* * * LOW HITPOINT WARNING * * *
The wolf bites you but does no damage.
You smack the wyvern!
The wyvern is heavily wounded.
The wolf bites you but does no damage.
The wyvern bites you but does no damage.
The wolf bites you but does no damage. x2
The wyvern bites you but does no damage.
You closely miss the wyvern.
The wyvern is heavily wounded.
The wolf bites you but does no damage. x2
The wyvern bites you but does no damage.
The wolf bites you but does no damage.
You closely miss the wyvern.
The wyvern is heavily wounded.
The wolf bites you but does no damage. The wyvern bites you!
* * * LOW HITPOINT WARNING * * *
The wolf bites you but does no damage.
The wolf is stunned by your conviction and fails to attack.
You smack the wyvern!
You kill the wyvern!
The wolf barely misses you. The wolf bites you but does no damage.
Okay, then.
You pummel the wolf!!
You kill the wolf!
The wolf bites you but does no damage. The wolf completely misses you.
You hit the wolf but do no damage. The wolf bites you!
You die...

#.# #.# #.##..##
#.# #.# #.##....
#.# #.# #.##.##.
#[###.# #.##.##.
#[##..# #.##.##.
#.##.## ##.##.##.
##.##.# ##..##.##.
#†h##.# #...##....
#♣#######.#######.
#.# #..††...# #.
#.# #.8...8.# #.
#.# #.......# #.
#.####.8...8.# #.
##.##.#.......####.
#.....#.8...8.#....
##.##.#...<...#....
##...#############


You could see a wolf.

Vanquished Creatures
  Pikel (D:5)
  Joseph (D:7)
  Grinder (D:3)
  A wyvern (D:7)
  Eustachio (D:4)
  Menkaure (D:4)
  Duvessa (D:4)
  4 orc warriors (Bailey)
  A water moccasin (D:7)
  A sky beast (D:8)
  A black bear (D:7)
  2 ice beasts
  2 wolves
  3 centaurs
  2 lemures (D:5)
  5 kobold brigands
  2 bullfrogs (D:7)
  7 scorpions
  5 wights (D:7)
  Dowan (D:4)
  2 howler monkeys (D:4)
  A jelly (D:6)
  A bombardier beetle (D:4)
  A gnoll bouda (D:5)
  5 hounds
  Crazy Yiuf (D:5)
  5 iguanas
  8 orc wizards
  Robin (D:3)
  5 gnolls (D:5)
  6 adders
  2 white imps
  3 ribbon worms
  2 dart slugs (D:2)
  28 orcs
  5 bats
  9 endoplasms
  4 giant cockroaches
  14 goblins
  6 hobgoblins
  2 jackals (D:4)
  3 quokkas
  5 ball pythons
  16 frilled lizards
  17 kobolds
  8 rats
203 creatures vanquished.

Notes
Turn   | Place    | Note
-------+----------+-------------------------------------------
     0 | D:1      | Gadfly the Demonspawn Monk began the quest for the Orb.
     0 | D:1      | Reached XP level 1. HP: 18/18 MP: 1/1
   551 | D:1      | Gained mutation: Your touch may inflict minor irresistible
                  | damage on your foes. [demonic ancestry]
   551 | D:1      | Reached XP level 2. HP: 24/24 MP: 2/2
   669 | D:1      | Reached skill level 3 in Unarmed Combat
  1095 | D:2      | Reached skill level 1 in Evocations
  1095 | D:2      | Reached skill level 1 in Shapeshifting
  1095 | D:2      | Gained mutation: You are partially covered in razor-sharp
                  | scales. (AC +1, Slay +1) [demonic ancestry]
  1095 | D:2      | Reached XP level 3. HP: 22/29 MP: 3/3
  1389 | D:2      | Found a faded altar of an unknown god.
  1505 | D:2      | Reached XP level 4. HP: 34/35 MP: 4/4
  1862 | D:3      | Noticed Grinder
  1872 | D:3      | Killed Grinder
  1873 | D:3      | Reached skill level 4 in Unarmed Combat
  1873 | D:3      | Gained mutation: You are mostly covered in razor-sharp
                  | scales. (AC +2, Slay +2) [demonic ancestry]
  1873 | D:3      | Reached XP level 5. HP: 29/41 MP: 5/5
  1873 | D:3      | Gained mutation: You are completely covered in razor-sharp
                  | scales. (AC +3, Slay +3) [demonic ancestry]
  1873 | D:3      | Reached XP level 6. HP: 33/47 MP: 6/6
  1986 | D:3      | Found a transporter.
  1990 | D:3      | Found a transporter.
  2007 | D:3      | Noticed KennySheep's ghost (amateur HOMo)
  2102 | D:3      | Noticed Robin
  2132 | D:3      | Killed Robin
  2872 | D:4      | Noticed Eustachio
  2887 | D:4      | Killed Eustachio
  2950 | D:4      | Noticed Menkaure
  2960 | D:4      | Killed Menkaure
  2961 | D:4      | Gained mutation: Your touch may inflict irresistible damage
                  | on your foes. [demonic ancestry]
  2961 | D:4      | Reached XP level 7. HP: 18/52 MP: 7/7
  3055 | D:4      | Found Pabeub's Assorted Antiques.
  3058 | D:4      | Bought a viscous emerald potion for 23 gold pieces
  3058 | D:4      | Bought a scroll labelled TULINGA FACZAR for 26 gold pieces
  3058 | D:4      | Bought a scroll labelled SIYLOO MUPAN for 26 gold pieces
  3096 | D:4      | Noticed Dowan
  3098 | D:4      | Noticed Duvessa
  3103 | D:4      | Killed Duvessa
  3104 | D:4      | Reached skill level 5 in Unarmed Combat
  3111 | D:4      | Killed Dowan
  3265 | D:4      | Found a shimmering blue altar of Sif Muna.
  3450 | D:4      | Bought 2 sedimented emerald potions for 46 gold pieces
  3467 | D:5      | Entered Level 5 of the Dungeon
  3471 | D:5      | Reached XP level 8. HP: 56/58 MP: 8/8
  3791 | D:5      | Noticed Pikel
  3804 | D:5      | Killed Pikel
  3805 | D:5      | Reached skill level 6 in Unarmed Combat
  3805 | D:5      | Reached skill level 5 in Evocations
  3816 | D:5      | Found Xiegibis's Book Boutique.
  3985 | D:5      | Found a runed translucent door.
  3987 | D:5      | Noticed Crazy Yiuf
  4242 | D:5      | Killed Crazy Yiuf
  4512 | D:6      | Gained mutation: Spells you cast may paralyse adjacent
                  | enemies. [demonic ancestry]
  4512 | D:6      | Reached XP level 9. HP: 66/66 MP: 9/9
  4688 | D:6      | Reached skill level 5 in Shapeshifting
  4739 | D:6      | Reached skill level 5 in Dodging
  4775 | D:6      | Found a snail-covered altar of Cheibriados.
  4923 | D:6      | Identified a scroll of acquirement
  4923 | D:6      | Acquired a manual of Dodging
  5306 | D:7      | Noticed Joseph
  5316 | D:7      | Killed Joseph
  5317 | D:7      | Reached skill level 5 in Fighting
  5610 | D:7      | Found a flagged portal.
  5641 | Bailey   | Entered a bailey
  5669 | Bailey   | Reached skill level 7 in Unarmed Combat
  5898 | Bailey   | Found an iron altar of Okawaru.
  6219 | D:7      | Found a staircase to the Ecumenical Temple.
  6268 | D:7      | Reached XP level 10. HP: 66/76 MP: 10/10
  6355 | Temple   | Entered the Ecumenical Temple
  6363 | Temple   | Became a worshipper of Ru the Awakened
  6389 | Temple   | Gained mutation: You cannot train Armour skill. [Ru
                  | sacrifice]
  6389 | Temple   | Reached * piety under Ru
  6476 | D:7      | Found a shimmering altar of Xom.
  6855 | D:8      | Noticed Grum
  6860 | D:8      | Noticed a deep elf pyromancer
  6901 | D:7      | HP: 2/115 [wyvern (10)]
  6904 | D:7      | Slain by a wolf

Illustrated notes

Levels and vault maps discovered:
D:1:      mrwooster_arrival_statue_2, layout_basic
D:2:      layout_loops_ring, shapermc_ecumenical_altar_pompeii,
          dk_noncrumbling_4, minmay_lizard_king
D:3:      layout_loops_ring, gammafunk_ghost_arena, uniq_robin, uniq_grinder
D:4:      layout_cave_pools, kennysheep_mini_moat, serial_shops,
          nicolae_shop_real_fake_doors, chequers_mini_garden,
          kennysheep_crisscross, uniq_menkaure, uniq_duvessa, uniq_eustachio
D:5:      layout_loops_ring, serial_shops, shop, minmay_misc_feat_rugged,
          uniq_crazy_yiuf_cottage, uniq_pikel
D:6:      layout_loops_corners, mainiacjoe_overflow_boulevard
D:7:      layout_loops_ring, kennysheep_mini, minmay_temple_entry_statues,
          enter_bailey_1, minmay_misc_feat_diagonals, grunt_ministairs_3,
          uniq_joseph
D:8:      minmay_ornate_pinched, layout_basic, okawaru_humans,
          nicolae_qazlal_scattered_showers, minmay_unpleasant_kobolds,
          uniq_grum, uniq_amaemon
Temple:   compressed_dpeg_triangle_lava_temple

Skill      XL: |  1  2  3  4  5  6  7  8  9 |
---------------+----------------------------+-----
Unarmed Combat | 3 4 5 6 7 |  7.7
Evocations     | 1 2 3 4 5 6 |  6.3
Shapeshifting  | 1 2 3 4 6 |  6.3
Dodging        | 3 4 6 |  6.5
Fighting       | 4 6 |  6.5

Action                     |  1- 3 |  4- 6 |  7- 9 | 10-12 || total
---------------------------+-------+-------+-------+-------++-------
  Melee: Unarmed           |    40 |    72 |   279 |    82 ||   473
         Dagger            |    80 |    22 |       |       ||   102
         Touch             |       |    15 |    70 |     9 ||    94
         Punch             |       |     2 |     6 |     3 ||    11
 Invoke: Sacrifice Durabil |       |       |       |     1 ||     1
    Use: Scroll            |     4 |     4 |    10 |       ||    18
         Potion            |       |     2 |     2 |     4 ||     8
   Stab: Paralysed         |       |     1 |       |       ||     1
         Sleeping          |       |       |     1 |       ||     1
 Armour: Robe              |    44 |    45 |   166 |    76 ||   331
         Skin              |       |       |       |    18 ||    18
  Dodge: Dodged            |    70 |    42 |   198 |    96 ||   406
   Form: Beast             |       |       |     2 |       ||     2
                           |       |       |     1 |       ||     1
